 Dungeon Crawl Stone Soup version 0.27.0-1-g7a089689b8 (webtiles) character file.

Game seed: 18065263607989239863

2424 shadowrider38 the Slicer (level 9, 0/43 HPs)
             Began as a Vine Stalker Fighter on Aug 12, 2021.
             Was a Follower of Uskayaw.
             Slain by an orc knight (20 damage)
             ... in a bailey.
             The game lasted 00:20:45 (7127 turns).

shadowrider38 the Slicer (Vine Stalker Fighter)     Turns: 7127, Time: 00:20:46

Health: 0/43       AC: 14    Str: 23    XL:     9   Next: 48%
Magic:  0/10       EV:  7    Int:  8    God:    Uskayaw [*.....]
Gold:   270        SH:  9    Dex: 13    Spells: 8/8 levels left

rFire    . . .     SeeInvis .   a - +0 rapier
rCold    + . .     Faith    .   c - +0 kite shield
rNeg     . . .     Spirit   +   d - +0 ice dragon scales
rPois    .         Reflect  .   (no helmet)
rElec    .         Harm     .   (no cloak)
rCorr    .         Rampage  .   y - +0 pair of gloves
Will     +....                  b - +2 pair of boots
Stlth    ..........             (no amulet)
HPRegen  1.14/turn              e - ring of flight
MPRegen  0.12/turn              w - ring of fire

@: flying
A: fangs 3, regeneration 1, magic shield, antimagic bite, no potion heal 2
a: Renounce Religion, Stomp


You were in a bailey.
You worshipped Uskayaw.
Uskayaw was noncommittal.
You visited 2 branches of the dungeon, and saw 8 of its levels.
You also visited: Bailey.

You collected 400 gold pieces.
You spent 130 gold pieces at shops.

Inventory:

Hand Weapons
 a - a +0 rapier (weapon)
Missiles
 g - 258 stones
 j - 33 boomerangs (quivered)
Armour
 b - a +2 pair of boots (worn)
 c - a +0 kite shield (worn)
 d - +0 ice dragon scales (worn)
 i - a +0 chain mail
 y - a +0 pair of gloves (worn)
Jewellery
 e - a ring of flight (left hand)
 w - a ring of fire (right hand)
Wands
 p - a wand of polymorph (3)
 r - a wand of flame (4)
Scrolls
 f - a scroll of fear {unknown}
 l - 2 scrolls of noise
 m - 2 scrolls of blinking
 o - a scroll of enchant armour {unknown}
 q - a scroll of brand weapon {unknown}
 t - 2 scrolls of teleportation
 v - a scroll of magic mapping {unknown}
 B - a scroll of fog {unknown}
Potions
 h - a potion of curing
 k - a potion of mutation
 n - 2 potions of flight
 s - a potion of might
 u - a potion of degeneration {unknown}
 x - a potion of attraction {unknown}
 z - a potion of ambrosia {unknown}
 A - a potion of cancellation {unknown}
 C - a potion of heal wounds {unknown}


   Skills:
 - Level 2.6 Fighting
 + Level 11.4 Short Blades
 - Level 2.4 Armour
 - Level 2.6 Shields


You had 8 spell levels left.
You didn't know any spells.
Your spell library contained the following spells:

 Spells                   Type           Power      Damage    Failure   Level
 Slow                     Hex            0%         N/A       100%        2
 Confusing Touch          Hex            0%         N/A       100%        3
 Conjure Flame            Conj/Fire      0%         6-21      100%        3
 Ignite Poison            Fire/Tmut/Pois 0%         N/A       100%        3
 Vampiric Draining        Necr           0%         2d6       100%        3
 Airstrike                Air            0%         N/A       100%        4
 Sticky Flame             Conj/Fire      0%         2d3       100%        4
 Summon Lightning Spire   Summ/Air       0%         N/A       100%        4
 Lightning Bolt           Conj/Air       0%         1d11      100%        5


Dungeon Overview and Level Annotations

Branches:
Dungeon (7/15)             Temple (1/1) D:7          Bailey (1/1)

Altars:
Ashenzari
Cheibriados
Dithmenos
Elyvilon
Fedhas
Gozag
Hepliaklqana
Makhleb
Nemelex Xobeh
Okawaru
Qazlal
Sif Muna
Trog
Uskayaw
Vehumet
Wu Jian
Xom
Yredelemnul
Zin
The Shining One

Shops:
D:4 [   D:6 *


Innate Abilities, Weirdness & Mutations

You have razor-sharp teeth.
Your natural rate of healing is unusually fast.
When hurt, damage is shared between your health and your magic reserves.
Your bite disrupts and absorbs the magic of your enemies.
Potions cannot restore your health.


Message History

You throw a boomerang.
The boomerang closely misses the orc knight.
Throw: 33 boomerangs
Press: ? - help, Q - select action, (/) - cycle Shift-Dir - straight line, f/p - orc knight
Aim: an orc knight, wielding a +0 war axe and wearing a +0 ring mail (heavily wounded, 50% to hit)
You throw a boomerang. The boomerang hits the orc knight.
The orc knight is heavily wounded.
Throw: 33 boomerangs
Press: ? - help, Q - select action, (/) - cycle Shift-Dir - straight line, f/p - orc knight
Aim: an orc knight, wielding a +0 war axe and wearing a +0 ring mail (heavily wounded, 47% to hit)
You throw a boomerang.
The boomerang hits the orc knight but does no damage.
The orc knight is heavily wounded.
The orc knight hits you with a +0 war axe!
You stomp with the beat, sending a shockwave through the revellers around you!
The orc knight is heavily wounded.
You can no longer stomp with the beat.
The orc knight hits you with a +0 war axe.
You hit the orc knight but do no damage.
The orc knight is heavily wounded.
The orc knight hits you but does no damage.
You hit the orc knight. You bite the orc knight. You drain its power.
You feel invigorated.
The orc knight is severely wounded.
The orc knight barely misses you.
You hit the orc knight. Your bite misses the orc knight.
The orc knight is severely wounded.
You can now stomp with the beat.
You closely miss the orc knight. You bite the orc knight. You drain its power.
You feel invigorated.
The orc knight is almost dead.
You block the orc knight's attack.
You hit the orc knight but do no damage.
The orc knight is almost dead.
The orc knight hits you with a +0 war axe!
You hit the orc knight but do no damage.
You bite the orc knight. You drain its power.
You feel invigorated.
The orc knight is almost dead.
The orc knight hits you with a +0 war axe!!
You die...

.. 8.... ...# ♣# ...#
♣.## ...# ♣♣..###'#
♣...≈≈≈.# ♣♣...≈≈≈.#
♣∩...≈≈@o#
♣♣..†≈≈≈)##.........##
♣...≈≈≈†#≈..8...8..≈#
♣♣..###'#≈.........≈#
♣.##...#≈)!8g..8?}≈#..
♣##....##≈≈#####g≈##..
##......####...####...
#.....................
#..8..8.............8.


You could see an orc knight.

Vanquished Creatures
  Grinder (D:3)
  A water moccasin (D:5)
  2 orc warriors
  A black bear (D:5)
  An ice beast (D:5)
  A necrophage (D:5)
  An ogre (D:5)
  2 centaurs
  A phantom (D:4)
  Blork the orc (D:5)
  3 bullfrogs
  5 scorpions
  A water moccasin zombie (D:5)
  A water moccasin skeleton (D:5)
  A howler monkey (D:5)
  A bullfrog zombie (D:5)
  A crimson imp (D:6)
  A jelly (D:4)
  2 bullfrog skeletons
  4 hounds (D:5)
  A gnoll shaman (D:4)
  A centaur skeleton (D:5)
  Ijyb (D:3)
  Terence (D:3)
  An iguana (D:7)
  2 orc wizards
  A scorpion zombie (D:5)
  A mummy (D:5)
  8 adders
  A shadow imp (D:5)
  A white imp (D:6)
  2 adder skeletons (D:4)
  A worm (D:2)
  11 orcs
  5 ball pythons
  4 endoplasms
  5 giant cockroaches
  11 goblins
  7 hobgoblins
  18 kobolds
  4 quokkas
  3 bats
  5 frilled lizards
  A goblin zombie (D:5)
  A kobold zombie (D:5)
  4 rats
133 creatures vanquished.

Vanquished Creatures (others)
  A plant (D:3)
1 creature vanquished.

Grand Total: 134 creatures vanquished

Notes
Turn   | Place    | Note
-------+----------+-------------------------------------------
     0 | D:1      | shadowrider38 the Vine Stalker Fighter began the quest for
                  | the Orb.
     0 | D:1      | Reached XP level 1. HP: 11/11 MP: 2/2
    24 | D:1      | Reached skill level 2 in Short Blades
   495 | D:1      | Reached XP level 2. HP: 16/16 MP: 3/3
  1044 | D:1      | Reached skill level 3 in Short Blades
  1052 | D:1      | Reached XP level 3. HP: 16/19 MP: 4/4
  1300 | D:1      | Found a faded altar of an unknown god.
  2017 | D:2      | Gained mutation: Your natural rate of healing is unusually
                  | fast. [Vine Stalker growth]
  2017 | D:2      | Reached XP level 4. HP: 23/23 MP: 5/5
  2091 | D:3      | Noticed Terence
  2095 | D:3      | Killed Terence
  2096 | D:3      | Reached skill level 4 in Short Blades
  2122 | D:3      | You are sucked into a shaft and drop 2 floors!
  2122 | D:5      | Entered Level 5 of the Dungeon
  2130 | D:4      | Noticed a phantom
  2136 | D:4      | Killed a phantom
  2137 | D:4      | Reached XP level 5. HP: 23/27 MP: 6/6
  2143 | D:4      | Found Yfor's Armour Emporium.
  2170 | D:3      | Reached skill level 5 in Short Blades
  2597 | D:3      | Noticed Ijyb
  2610 | D:3      | Killed Ijyb
  2888 | D:3      | Noticed Grinder
  2893 | D:3      | Killed Grinder
  2894 | D:3      | Reached skill level 6 in Short Blades
  2894 | D:3      | Reached XP level 6. HP: 32/32 MP: 7/7
  3283 | D:4      | Reached XP level 7. HP: 33/35 MP: 6/8
  3430 | D:4      | Reached skill level 7 in Short Blades
  3570 | D:4      | Found a burning altar of Makhleb.
  4088 | D:4      | Reached skill level 8 in Short Blades
  4190 | D:4      | Gained mutation: You have razor-sharp teeth. [Vine Stalker
                  | growth]
  4190 | D:4      | Reached XP level 8. HP: 20/39 MP: 5/9
  4613 | D:5      | Reached skill level 9 in Short Blades
  4737 | D:5      | Noticed Blork the orc
  4757 | D:5      | Killed Blork the orc
  4758 | D:5      | Reached skill level 10 in Short Blades
  4875 | D:5      | Reached XP level 9. HP: 43/43 MP: 10/10
  5144 | D:5      | Found a sparkling altar of Nemelex Xobeh.
  5851 | D:6      | Reached skill level 11 in Short Blades
  5975 | D:6      | Found Fiajumekk's Assorted Antiques.
  5987 | D:6      | Bought a pair of gloves for 130 gold pieces
  6152 | D:6      | Found a basalt altar of Yredelemnul.
  6545 | D:7      | Found a staircase to the Ecumenical Temple.
  6566 | Temple   | Entered the Ecumenical Temple
  6766 | Temple   | Became a worshipper of Uskayaw the Reveller
  6821 | D:7      | Reached * piety under Uskayaw
  6826 | D:7      | Reached ** piety under Uskayaw
  6839 | D:7      | Reached *** piety under Uskayaw
  6840 | D:7      | Found a flagged portal.
  6849 | Bailey   | Entered a bailey
  6859 | Bailey   | Noticed an orc warlord
  6940 | Bailey   | Noticed an orc knight
  7127 | Bailey   | Slain by an orc knight

Illustrated notes

Levels and vault maps discovered:
D:1:      minmay_arrival_checkered_box, layout_loops_ring,
          dilly_ecumenical_altar_fadedgnrine, minmay_small_reverse_x
D:2:      layout_basic, skrybe_limestone_x
D:3:      layout_loops_corners, serial_bayou_pond_c, saegor_snake_ambush,
          uniq_terence, uniq_grinder, uniq_ijyb
D:4:      layout_cave_pools, mainiacjoe_overflow_24_doors, serial_shops,
          nicolae_shop_trees, minivault_5, minmay_misc_feat_encased
D:5:      cheibrodos_fzero, layout_basic, nicolae_ossuary_entry_giza,
          kennysheep_flooded_box, kennysheep_nondescript, lemuel_old_faithful,
          uniq_blork_the_orc
D:6:      layout_layer_cave, mainiacjoe_overflow_alcove_1, serial_shops,
          nicolae_diamond_shop, minmay_fire_ice_demons
D:7:      layout_loops_ring, minmay_temple_entry_mini_moons, enter_bailey_3,
          serial_bayou_pond_b, serial_bayou_ford_a
Temple:   dpeg_five_rooms_temple
Bailey:   bailey_axe_bossmonster_kennysheep, bailey

Skill      XL: |  1  2  3  4  5  6  7  8  9 |
---------------+----------------------------+-----
Short Blades   | 2 3 4 6 8 10 11 | 11.4
Fighting       | |  2.6
Armour         | |  2.4
Shields        | |  2.6

Action                   |  1- 3 |  4- 6 |  7- 9 || total
-------------------------+-------+-------+-------++-------
Melee: Rapier            |   120 |    75 |   301 ||   496
       Bite              |    39 |    31 |    84 ||   154
Throw: Stone             |     2 |       |       ||     2
       Boomerang         |       |       |    37 ||    37
Invok: Stomp             |       |       |     2 ||     2
Evoke: Wand              |       |       |    19 ||    19
  Use: Potion            |       |     2 |     1 ||     3
       Scroll            |       |       |     5 ||     5
 Stab: Paralysed         |       |       |     2 ||     2
Armor: Scale mail        |    23 |       |       ||    23
       Chain mail        |    19 |    17 |    14 ||    50
       Ice dragon scales |       |       |   148 ||   148
Dodge: Dodged            |    32 |    10 |   106 ||   148
Block: Kite shield       |    52 |    37 |   167 ||   256
